 Seeded DCSS version 0.28-a0-1429-gf3d713df7a (webtiles) character file.

Game seed: 10120221861122298898 (custom seed)

9 flotson the Ducker (level 2, -1/22 HPs)
             Began as a Demonspawn Gladiator on Jan 9, 2022.
             Slain by a quokka (4 damage)
             ... on level 1 of the Dungeon.
             The game lasted 00:00:19 (105 turns).

flotson the Ducker (Demonspawn Gladiator)            Turns: 105, Time: 00:00:19

Health: -1/22      AC:  4    Str: 14    XL:     2   Next: 6%
Magic:  2/2        EV: 12    Int:  9    God:
Gold:   0          SH:  4    Dex: 14    Spells: 1/1 levels left

rFire   . . .      SeeInvis .   a - +0 war axe
rCold   . . .      Faith    .   (no shield)
rNeg    . . .      Spirit   .   b - +0 leather armour
rPois   .          Reflect  .   c - +0 helmet
rElec   .          Harm     .   (no cloak)
rCorr   .          Rampage  .   (no gloves)
Will    .....                   (no boots)
Stlth   +.........              (no amulet)
HPRegen 0.07/turn               (no ring)
MPRegen 0.08/turn               (no ring)

@: no status effects
A: condensation shield
a: no special abilities


You were on level 1 of the Dungeon.
You visited 1 branch of the dungeon, and saw 1 of its levels.

Inventory:

Hand Weapons
 a - a +0 war axe (weapon)
Missiles
 d - 3 throwing nets (quivered)
Armour
 b - a +0 leather armour (worn)
 c - a +0 helmet (worn)


   Skills:
 + Level 2.1 Fighting
 + Level 2.8 Axes
 + Level 2.0 Throwing
 + Level 0.4 Armour
 + Level 2.8 Dodging


You had one spell level left.
You didn't know any spells.
Your spell library contained the following spells:

 Spells                   Type           Power      Damage    Failure   Level
 Passage of Golubria      Tloc           0%         N/A       99%         4
 Silence                  Hex/Air        0%         N/A       100%        5
 Lehudib's Crystal Spear  Conj/Erth      0%         10d2      100%        8


Dungeon Overview and Level Annotations

Branches:
Dungeon (1/15)

Altars:


Innate Abilities, Weirdness & Mutations

A meltable shield of frost defends you. (SH +4)


Message History

The goblin completely misses you.
You barely miss the kobold.
The kobold is moderately wounded.
You closely miss the goblin.
The kobold hits you with a +0 short sword.
You block the goblin's attack.
You closely miss the kobold.
The kobold is moderately wounded.
You barely miss the quokka. You hit the goblin. The quokka misses you.
The kobold hits you with a +0 short sword.
The goblin hits you but does no damage. The quokka bites you.
The kobold barely misses you.
You hit the goblin but do no damage.
The goblin is severely wounded.
You barely miss the kobold. You closely miss the quokka. The quokka misses you.
The goblin misses you. The kobold misses you. The goblin closely misses you.
The quokka barely misses you.
You slash the goblin!
You kill the goblin!
You barely miss the quokka. You miss the kobold.
The kobold hits you with a +0 short sword.
The quokka bites you but does no damage.
The kobold barely misses you.
Your Throwing skill increases to level 2!
You hit the kobold.
The kobold is heavily wounded.
You closely miss the quokka. The quokka barely misses you.
The kobold completely misses you.
The quokka bites you but does no damage.
You barely miss the kobold.
The kobold is heavily wounded.
You miss the quokka. The quokka bites you.
* * * LOW HITPOINT WARNING * * *
The kobold closely misses you. The quokka closely misses you.
You hit the kobold.
You kill the kobold!
You miss the quokka.
A rat comes into view.
The quokka bites you.
You die...

#.###_..........#
#..........####.#.#
[.......?..### .#.##
.###..###...##....##
..........†.......#
#..................
#........".........
#....##.....)[.....
.........@..#..
#.###.#.r)#####
#.#.....r...
#.#†...r....
#.#.#####... ... ..
##.. . #..# ...#


You could see a quokka and a rat (wandering).

Vanquished Creatures
  2 ball pythons (D:1)
  2 endoplasms (D:1)
  A goblin (D:1)
  A hobgoblin (D:1)
  A bat (D:1)
  2 kobolds (D:1)
  A rat (D:1)
10 creatures vanquished.

Notes
Turn   | Place    | Note
-------+----------+-------------------------------------------
     0 | D:1      | flotson the Demonspawn Gladiator began the quest for the
                  | Orb.
     0 | D:1      | Reached XP level 1. HP: 16/16 MP: 1/1
    70 | D:1      | Found a faded altar of an unknown god.
    96 | D:1      | Gained mutation: A meltable shield of frost defends you.
                  | (SH +4) [demonic ancestry]
    96 | D:1      | Reached XP level 2. HP: 22/22 MP: 2/2
   105 | D:1      | Slain by a quokka

Illustrated notes

Levels and vault maps discovered:
D:1:      saegor_arrival_simple_e, layout_loops_ring,
          hellmonk_ecumenical_altar_lost_god, minmay_small_reverse_x

Skill      XL: |  1  2 |
---------------+-------+-----
Throwing       | 2 |  2.0
Fighting       | |  2.1
Axes           | |  2.8
Armour         | |  0.4
Dodging        | |  2.8

Action                   || total
-------------------------++-------
Melee: War axe           ||    21
Armor: Leather armour    ||    11
Dodge: Dodged            ||    21
Block: Other             ||     1

Table legend: (Time is in decaauts)
 A = Elapsed time spent in this place.
 B = Non-inter-level travel time spent in this place.
 C = Inter-level travel time spent in this place.
 D = Time resting spent in this place.
 E = Time spent auto-exploring this place.
 F = Levels seen in this place.
 G = Mean time per level.
                   A        B        C        D        E       F      G
               +--------+--------+--------+--------+--------+-----+--------+
         Total |    112 |    112 |      0 |      0 |     61 |   1 |  112.0 |
       Dungeon |    112 |    112 |      0 |      0 |     61 |   1 |  112.0 |
               +--------+--------+--------+--------+--------+-----+--------+

Top non-repeatable levels by time:
     D:1: 112 daAuts
